 Dungeon Crawl Stone Soup version 0.32-a0-422-g28b100f618 (webtiles) character file.

Game seed: 6881862842658200193

218992 zenocrate the Unseen (level 18, -13/99 HPs)
             Began as a Vine Stalker Delver on Feb 21, 2024.
             Was an Initiate of Gozag.
             Mangled by a +0 vampiric bardiche (24 damage)
             ... on level 2 of the Elven Halls.
             The game lasted 01:03:21 (36856 turns).

zenocrate the Unseen (Vine Stalker Delver)         Turns: 36856, Time: 01:03:22

Health: -13/99     AC: 20    Str: 18    XL:     18   Next: 63%
Magic:  0/32       EV: 18    Int:  8    God:    Gozag
Gold:   1448       SH: 12    Dex: 21    Spells: 10/36 levels left

rFire   + . .        b - +7 rapier (elec)
rCold   + . .        e - +2 buckler
rNeg    + + .        f - +2 leather armour {rPois}
rPois   +            s - +2 helmet
rElec   .            Y - scarf {rC+ rF+}
rCorr   +            z - +2 pair of gloves {infuse}
SInv    .            q - +2 pair of boots {rampage}
Will    ++...        S - amulet of regeneration
Stlth   +++++++      R - +4 ring of protection
HPRegen 1.96/turn    V - ring "Giekk" {rN++ rCorr Str+2 Dex-2}
MPRegen 0.23/turn

%: clarity, guardian spirit, rampage
@: about to teleport, gold aura
A: fangs 3, regeneration 1, magic shield, antimagic bite, no potion heal 2,
large bone plates 1, clarity, dopey 1
}: 2/15 runes: decaying, gossamer
a: Renounce Religion, Potion Petition, Call Merchant, Bribe Branch


You were on level 2 of the Elven Halls.
You worshipped Gozag.
Gozag was most pleased with you.
You visited 7 branches of the dungeon, and saw 30 of its levels.
You also visited: Wizlab.

You collected 10232 gold pieces.
You spent 3499 gold pieces at shops.
You paid 5285 gold pieces to Gozag.

Inventory:

Hand Weapons
 b - a +7 rapier of electrocution (weapon)
Missiles
 l - 34 boomerangs
 p - 44 poisoned darts (quivered)
 B - 9 throwing nets
 M - 7 curare-tipped darts
Armour
 e - a +2 buckler (worn)
 f - a +2 leather armour of poison resistance (worn)
 q - a +2 pair of boots of rampaging (worn)
 s - a +2 helmet (worn)
 z - a +2 pair of gloves of infusion (worn)
 Y - a scarf of resistance (worn)
Jewellery
 k - a ring of positive energy
 u - a ring of fire
 N - a ring of protection from cold
 R - a +4 ring of protection (left hand)
 S - an amulet of regeneration (around neck)
 V - the ring "Giekk" (right hand) {rN++ rCorr Str+2 Dex-2}
   (You bought it in a shop on level 2 of the Elven Halls)

   [ring of resist corrosion]

   Str+2:     It affects your strength (+2).
   Dex-2:     It affects your dexterity (-2).
   rN++:      It greatly protects you from negative energy.
   rCorr:     It protects you from acid and corrosion.
 X - a ring of protection from fire
Wands
 g - a wand of digging (16)
 D - a wand of quicksilver (5)
 E - a wand of roots (28)
 F - a wand of mindburst (9)
 G - a wand of flame (34)
 L - a wand of paralysis (17)
Scrolls
 c - 4 scrolls of fog
 d - 3 scrolls of revelation
 n - 5 scrolls of poison
 v - a scroll of vulnerability
 C - a scroll of blinking
 I - 3 scrolls of silence
 J - 5 scrolls of teleportation
Potions
 a - 2 potions of berserk rage
 h - a potion of haste
 i - 5 potions of enlightenment
 m - 6 potions of curing
 o - 4 potions of ambrosia
 t - a potion of cancellation
 w - 2 potions of lignification
 y - 3 potions of invisibility
 A - a potion of magic
 H - 3 potions of might
 K - 4 potions of attraction
 Q - a potion of brilliance
 W - a potion of resistance


   Skills:
 + Level 12.6 Fighting
 + Level 13.5 Short Blades
 + Level 9.3 Armour
 + Level 9.0 Dodging
 + Level 19.0 Stealth
 - Level 6.5 Shields
 + Level 9.8 Spellcasting
 + Level 9.7 Hexes
 - Level 3.5 Translocations
 - Level 3.0 Ice Magic
 + Level 8.6 Evocations


You had 10 spell levels left.
You knew the following spells:

 Your Spells              Type           Power      Damage    Failure   Level
a - Ozocubu's Armour      Ice            8%         N/A       21%         3
b - Cause Fear            Hex            9%         N/A       4%          4
c - Summon Mana Viper     Hex/Summ       11%        N/A       65%         5
d - Enfeeble              Hex            9%         N/A       98%         7
e - Dispersal             Tloc           4%         N/A       100%        6
m - Apportation           Tloc           18%        N/A       5%          1

Your spell library contained the following spells:

 Spells                   Type           Power      Damage    Failure   Level
 Lesser Beckoning         Tloc           18%        N/A       8%          2
 Dazzling Flash           Conj/Hex       22%        N/A       10%         3
 Momentum Strike          Conj/Tloc      12%        3d8       16%         2
 Gell's Gravitas          Tloc           9%         N/A       16%         3
 Teleport Other           Tloc           9%         N/A       16%         3
 Foxfire                  Conj/Fire      12%        2x1d4     22%         1
 Necrotise                Necr           12%        1d4       22%         1
 Sting                    Conj/Alch      12%        1d3       22%         1
 Summon Small Mammal      Summ           12%        N/A       22%         1
 Anguish                  Hex/Necr       5%         N/A       30%         4
 Cigotuvi's Dreadful Rot  Necr/Alch/Air  6%         N/A       34%         2
 Summon Ice Beast         Ice/Summ       6%         N/A       36%         3
 Metabolic Englaciation   Hex/Ice        7%         N/A       43%         5
 Call Canine Familiar     Summ           3%         N/A       56%         3
 Mephitic Cloud           Conj/Alch/Air  3%         N/A       56%         3
 Stone Arrow              Conj/Erth      6%         3d7       56%         3
 Vampiric Draining        Necr           3%         2d6       56%         3
 Animate Armour           Summ/Erth      6%         N/A       92%         4
 Brom's Barrelling Bould  Conj/Erth      3%         2d3       92%         4
 Fulminant Prism          Conj/Alch      1%         3d5       92%         4
 Ignite Poison            Fire/Alch      3%         N/A       92%         4
 Martyr's Knell           Necr/Summ      3%         N/A       92%         4
 Summon Blazeheart Golem  Fire/Summ      3%         N/A       92%         4
 Summon Lightning Spire   Summ/Air       3%         N/A       92%         4
 Summon Forest            Summ/Tloc      3%         N/A       96%         5
 Curse of Agony           Necr           3%         N/A       99%         5
 Lee's Rapid Deconstruct  Erth           1%         3d4*      99%         5
 Eringya's Noxious Bog    Alch           1%         4d6       100%        6
 Plasma Beam              Fire/Air       1%         2x1d11    100%        6
 Sculpt Simulacrum        Ice/Alch       3%         N/A       100%        6
 Starburst                Conj/Fire      1%         6d3       100%        6
 Monstrous Menagerie      Summ           1%         N/A       100%        7
 Orb of Destruction       Conj           1%         9d5       100%        7
 Spellforged Servitor     Conj/Summ      1%         N/A       100%        7
 Summon Hydra             Summ           1%         N/A       100%        7
 Lehudib's Crystal Spear  Conj/Erth      1%         10d2      100%        8


Dungeon Overview and Level Annotations

Branches:
Dungeon (12/15)            Temple (1/1) D:5            Lair (5/5) D:11
  Swamp (4/4) Lair:2       Spider (4/4) Lair:2        Slime (0/5) Lair:4
    Orc (2/2) D:9             Elf (2/3) Orc:2        WizLab (visited)

Altars:
Ashenzari
Cheibriados
Dithmenos
Elyvilon
Fedhas
Gozag
Hepliaklqana
Kikubaaqudgha
Makhleb
Nemelex Xobeh
Okawaru
Qazlal
Ru
Sif Muna
Trog
Uskayaw
Vehumet
Wu Jian
Xom
Yredelemnul
Zin
The Shining One
Jiyva

Shops:
D:6 (   D:7 (   D:9 (   D:10 !   Orc:2 *(*??   Elf:2 *=   Lair:1 ?![[

Annotations:
Swamp:2 2 transporters
Elf:1 3 runed translucent doors, Couxach's ghost, adept DjFE


Innate Abilities, Weirdness & Mutations

You have razor-sharp teeth.
Your natural rate of healing is unusually fast.
When hurt, damage is shared between your health and your magic reserves.
Your bite disrupts and absorbs the magic of your enemies.
Potions cannot restore your health.
You are partially covered in large bone plates. (SH +4)
You possess an exceptional clarity of mind.
You are dopey. (Int -2)


Message History

You puncture the +1 halberd of venom!
The +1 halberd of venom turns to gold and falls from the air.
Unknown command.
You completely miss the deep elf knight.
The deep elf knight hits you with a +1 short sword of holy wrath!
Unknown command.
As you read the scroll of teleportation, it crumbles to dust.
You feel strangely unstable.
You block the +0 vampiric bardiche's attack.
The +4 mace of protection hits you but does no damage.
You block the deep elf knight's attack.
Unknown command.
Unknown command.
You closely miss the deep elf knight.
You block the +4 mace of protection's attack.
The +0 vampiric bardiche barely misses you.
Unknown command.
Unknown command.
You puncture the deep elf knight!
The deep elf knight is lightly wounded.
The +4 mace of protection hits you!
The +0 vampiric bardiche hits you from afar!!
* * * LOW HITPOINT WARNING * * *
Unknown command.
Unknown command.
The +4 mace of protection attacks as it pursues you!
The +4 mace of protection hits you.
* * * LOW HITPOINT WARNING * * *
You block the +4 mace of protection's attack.
The deep elf knight mumbles some strange words.
The deep elf knight flickers and vanishes!
Deactivating autopickup; reactivate with Ctrl-A.
Unknown command.
The deep elf zephyrmancer casts a spell at you.
The bolt of lightning hits you!
* * * LOW HITPOINT WARNING * * *
The +0 vampiric bardiche attacks as it pursues you!
The +0 vampiric bardiche hits you from afar!!
You die...
Your body crumbles into a pile of gold.

..##....)........##.....##
.#..#...........#..#.....#
#....#....)....#....#....#
......#.......#......#...#
.......#.....#........#..#
........#...#e{........#.#
.........###............##
.........# #............#
.........###..((@.......##
........#...#..........#.#
.......#.....#........#..#
......#.......#......#...#
#....#.........#....#....#
.#..#......)....#..#.....#
..##.............##.....##
#########...#############
##### #'''# ########


You could see a deep elf zephyrmancer and 2 dancing weapons.

Vanquished Creatures
  Nikola (Spider:2)
  Arachne (Spider:4)
  Mlioglotl (Swamp:3)
  Gastronok (D:9)
  A thorn hunter (Swamp:3)
  Aizul (Spider:2)
  7 emperor scorpions (Spider:4)
  4 ghost moths
  An orc warlord (Orc:1)
  The ghost of Drazool the Arsonist, a journeyman MDFE of Sif Muna (Orc:1)
  2 broodmothers
  2 deep elf demonologists
  4 eleionomae
  A deep elf annihilator (Elf:1)
  6 bunyips
  The ghost of Uleac the Purveyor of Pain, a journeyman DsNe of Kikubaaqudgha (Lair:3)
  2 shambling mangroves (Swamp:4)
  Snorg (D:12)
  2 entropy weavers (Spider:3)
  4 ice dragons (Swamp:4)
  Harold (D:10)
  A jorogumo (Spider:4)
  A ghost crab (Swamp:2)
  4 catoblepae
  8 hydras
  5 alligators
  3 radroaches (Spider:3)
  5 boulder beetles
  19 dancing weapons
  5 two-headed ogres
  A centaur warrior (D:9)
  7 death yaks (Lair:5)
  3 demonic crawlers
  7 spriggans
  6 orc high priests
  11 deep elf knights
  Sonja (Orc:1)
  4 pharaoh ants
  A skyshark (Lair:4)
  4 goliath frogs
  8 orb spiders
  4 swamp dragons
  6 bog bodies
  2 spriggan druids
  4 steelbarb worms
  13 deep elf zephyrmancers
  3 deep elf archers (Elf:1)
  16 deep elf pyromancers
  6 will-o-the-wisps
  3 orc sorcerers (Orc:2)
  19 wolf spiders
  3 manticores
  2 ugly things (D:12)
  An orc knight (Orc:1)
  2 cyclopes
  A moth of wrath (Spider:3)
  A meliai (Lair:2)
  Joseph (D:9)
  3 kobold blastminers
  3 elephants (Lair:5)
  7 black mambas
  2 gargoyles
  9 cane toads
  3 torpor snails
  3 unseen horrors (D:12)
  3 rime drakes (Lair:5)
  2 kobold demonologists
  4 freezing wraiths (Swamp:4)
  An efreet (D:9)
  11 komodo dragons
  A spectral two-headed ogre (Orc:1)
  8 tyrant leeches
  4 trolls
  9 hornets
  A polar bear (Lair:1)
  24 tarantellas
  Prince Ribbit (D:8)
  24 blink frogs
  Grinder (D:4)
  19 jumping spiders
  6 slime creatures (D:12)
  24 culicivoras
  2 water elementals
  5 shadows
  4 wraiths
  An air elemental (Elf:2)
  2 fire elementals
  2 wyverns
  2 basilisks
  38 yaks
  Eustachio (D:5)
  9 vampire mosquitoes
  A steam dragon (D:8)
  8 wargs
  A spectral kobold (Orc:1)
  6 swamp worm simulacra (Swamp:4)
  61 redbacks
  Menkaure (D:4)
  17 swamp worms
  Edmund (D:5)
  15 water moccasins
  17 hydra simulacra (Swamp:4)
  Duvessa (D:5)
  21 orc warriors
  An ice beast (D:6)
  2 black bears
  2 sky beasts
  3 swamp drakes
  6 ogres
  9 wolves
  A boggart (D:7)
  18 centaurs
  A phantom (D:6)
  2 kobold brigands (D:9)
  A spectral warg (Orc:1)
  19 bullfrogs
  4 scorpions
  A gnoll sergeant (D:9)
  3 wights (D:7)
  Dowan (D:5)
  15 killer bees
  6 electric eels
  4 bombardier beetles
  3 quasits (D:5)
  31 orc priests
  Crazy Yiuf (D:7)
  2 gnoll boudas
  8 hounds
  15 jellies
  7 iguanas
  29 orc wizards
  2 spectral orcs (Orc:1)
  2 hell rats (Lair:5)
  17 gnolls
  6 adders
  9 river rats (Lair:5)
  A shadow imp (D:6)
  3 white imps
  2 swamp drake simulacra (Swamp:4)
  An orc simulacrum (Orc:1)
  6 dart slugs
  A ribbon worm (D:2)
  50 orcs
  11 ball pythons
  4 endoplasms
  7 giant cockroaches
  9 goblins
  8 hobgoblins
  4 jackals (D:5)
  12 kobolds
  5 quokkas
  3 bats
  7 rats
990 creatures vanquished.

Vanquished Creatures (others)
  An alligator (Swamp:4)
  14 foxfires
15 creatures vanquished.

Grand Total: 1005 creatures vanquished

Notes
Turn   | Place    | Note
-------+----------+-------------------------------------------
     0 | D:5      | zenocrate the Vine Stalker Delver began the quest for the
                  | Orb.
     0 | D:5      | Reached XP level 1. HP: 11/11 MP: 2/2
     9 | D:4      | Noticed a bombardier beetle
    49 | D:4      | Reached XP level 2. HP: 16/16 MP: 3/3
    57 | D:4      | Learned a level 1 spell: Apportation
   282 | D:3      | Reached XP level 3. HP: 19/19 MP: 4/4
   383 | D:1      | Found Mogiluh's Magic Scroll Boutique.
   395 | D:1      | Reached skill level 1 in Evocations
   495 | D:1      | Reached XP level 4. HP: 23/23 MP: 5/5
  1676 | D:2      | Reached skill level 7 in Stealth
  1676 | D:2      | Reached XP level 5. HP: 27/27 MP: 6/6
  2771 | D:4      | Noticed Menkaure
  2778 | D:4      | Killed Menkaure
  2779 | D:4      | Reached XP level 6. HP: 32/32 MP: 7/7
  2850 | D:4      | Noticed Grinder
  2856 | D:4      | Paralysed by Grinder for 3 turns
  2893 | D:4      | Killed Grinder
  2894 | D:4      | Reached skill level 8 in Stealth
  2894 | D:4      | Reached XP level 7. HP: 12/35 MP: 2/8
  3342 | D:4      | Reached skill level 9 in Stealth
  3382 | D:5      | Noticed Duvessa
  3385 | D:5      | Noticed Dowan
  3423 | D:5      | Killed Duvessa
  3676 | D:5      | Noticed Edmund
  3680 | D:5      | Killed Edmund
  3681 | D:5      | Reached skill level 5 in Short Blades
  3681 | D:5      | Reached skill level 10 in Stealth
  3681 | D:5      | Gained mutation: You have razor-sharp teeth. [Vine Stalker
                  | growth]
  3681 | D:5      | Reached XP level 8. HP: 39/39 MP: 9/9
  3730 | D:5      | Noticed Eustachio
  4080 | D:5      | Found a staircase to the Ecumenical Temple.
  4113 | Temple   | Entered the Ecumenical Temple
  4132 | Temple   | Became a worshipper of Gozag Ym Sagoz the Greedy
  4229 | D:5      | Found a hide-covered altar of Uskayaw.
  4229 | D:5      | Found a shadowy altar of Dithmenos.
  4451 | D:5      | Killed Eustachio
  4874 | D:6      | Reached skill level 11 in Stealth
  5022 | D:6      | Found Doruklelick's Antique Weapon Shoppe.
  5060 | D:6      | Reached XP level 9. HP: 20/44 MP: 4/10
  5122 | D:6      | Learned a level 3 spell: Ozocubu's Armour
  5136 | D:6      | Bought a polished dagger for 210 gold pieces
  5136 | D:6      | Identified the +1 dagger of Jyiros {vamp, rElec rN++ Str-3
                  | Dex+4} (You bought it in a shop on level 6 of the Dungeon)
  5405 | D:6      | Reached skill level 5 in Fighting
  5529 | D:7      | Found Faoqet's Antique Weapon Shop.
  5535 | D:7      | Reached skill level 12 in Stealth
  5548 | D:7      | Bought a glowing rapier for 217 gold pieces
  5633 | D:7      | Found a snail-covered altar of Cheibriados.
  6198 | D:7      | Found a runed translucent door.
  6199 | D:7      | Noticed Crazy Yiuf
  6206 | D:7      | Killed Crazy Yiuf
  6392 | D:8      | Reached XP level 10. HP: 53/53 MP: 11/11
  6537 | D:8      | Noticed a two-headed ogre
  6545 | D:8      | Killed a two-headed ogre
  6546 | D:8      | Reached skill level 13 in Stealth
  6589 | D:8      | Identified a scroll of acquirement
  6592 | D:8      | Acquired a +1 pair of boots of rampaging
  6685 | D:8      | Noticed Prince Ribbit
  6697 | D:8      | Killed Prince Ribbit
  6945 | D:9      | Found a sparkling altar of Nemelex Xobeh.
  6945 | D:9      | Found a staircase to the Orcish Mines.
  7097 | D:9      | Noticed a centaur warrior
  7098 | D:9      | Noticed a manticore
  7098 | D:9      | Noticed a cyclops
  7104 | D:9      | Killed a manticore
  7105 | D:9      | Killed a cyclops
  7106 | D:9      | Killed a centaur warrior
  7107 | D:9      | Reached skill level 14 in Stealth
  7204 | D:9      | Reached XP level 11. HP: 60/60 MP: 12/12
  7245 | D:9      | Found Qippupt's Weapon Emporium.
  7293 | D:9      | Noticed Joseph
  7295 | D:9      | Killed Joseph
  7435 | D:9      | Noticed Gastronok
  7453 | D:9      | Killed Gastronok
  7454 | D:9      | Reached skill level 1 in Translocations
  7586 | D:9      | Reached skill level 1 in Armour
  7793 | Orc:1    | Entered Level 1 of the Orcish Mines
  7858 | D:10     | Entered Level 10 of the Dungeon
  7858 | D:10     | Found Pawkythru's Distillery.
  7881 | D:10     | Bought a potion of invisibility for 112 gold pieces
  8179 | D:10     | Noticed Harold
  8191 | D:10     | Killed Harold
  8639 | D:10     | Learned a level 4 spell: Cause Fear
  8788 | D:11     | Found a staircase to the Lair.
  8790 | D:11     | Noticed a two-headed ogre
  8795 | D:11     | Upgraded the game from 0.32-a0-411-g744942f433 to
                  | 0.32-a0-422-g28b100f618
  8861 | D:11     | Killed a two-headed ogre
  8863 | D:11     | Noticed a two-headed ogre
  8913 | D:10     | Killed a two-headed ogre
  9146 | D:11     | Found a frozen archway.
  9161 | D:11     | Noticed a boulder beetle
  9167 | D:11     | Killed a boulder beetle
  9168 | D:11     | Reached XP level 12. HP: 65/65 MP: 13/13
  9219 | D:11     | Reached skill level 1 in Hexes
  9221 | D:11     | Reached skill level 15 in Stealth
  9239 | D:11     | Reached skill level 5 in Evocations
  9810 | Lair:1   | Entered Level 1 of the Lair of Beasts
 10338 | Lair:1   | Noticed a boulder beetle
 10342 | Lair:1   | Killed a boulder beetle
 10345 | Lair:1   | Reached skill level 1 in Shields
 10571 | Lair:1   | Reached skill level 10 in Short Blades
 10578 | Lair:1   | Reached skill level 1 in Spellcasting
 11170 | D:1      | Bought a scroll of fog for 40 gold pieces
 11170 | D:1      | Bought a scroll of enchant weapon for 75 gold pieces
 11170 | D:1      | Bought a scroll of fear for 40 gold pieces
 11170 | D:1      | Bought a scroll of teleportation for 30 gold pieces
 11170 | D:1      | Bought a scroll of vulnerability for 40 gold pieces
 11170 | D:1      | Bought a scroll of silence for 95 gold pieces
 11170 | D:1      | Bought a scroll of fog for 40 gold pieces
 11657 | Lair:2   | Learned a level 5 spell: Summon Mana Viper
 11673 | Lair:2   | Found a hole to the Spider Nest.
 11675 | Lair:2   | Noticed an eight-headed hydra
 11687 | Lair:2   | Killed an eight-headed hydra
 11828 | Lair:2   | Found a staircase to the Swamp.
 11867 | Lair:2   | Reached XP level 13. HP: 37/70 MP: 16/18
 12492 | Spider:1 | Entered Level 1 of the Spider Nest
 12721 | Lair:3   | Reached skill level 1 in Ice Magic
 13052 | Lair:3   | Identified the +4 morningstar "Tysagom" {holy, Stlth+}
 13343 | Lair:3   | Found a runed translucent door.
 13343 | Lair:3   | Found a shimmering altar of Xom.
 13343 | Lair:3   | Noticed Uleac's ghost (journeyman DsNe)
 13579 | Lair:3   | Learned a level 7 spell: Enfeeble
 13842 | Lair:4   | Found a viscous altar of Jiyva.
 13873 | Lair:4   | Found a staircase to the Slime Pits.
 13910 | Lair:4   | Reached skill level 5 in Dodging
 14272 | Lair:4   | Reached skill level 5 in Armour
 14550 | Lair:5   | Entered Level 5 of the Lair of Beasts
 14552 | Lair:5   | Reached skill level 16 in Stealth
 14899 | Lair:5   | Reached XP level 14. HP: 74/76 MP: 22/22
 15056 | Lair:5   | Reached skill level 5 in Spellcasting
 15057 | Lair:5   | Reached skill level 5 in Hexes
 15084 | Lair:5   | Reached skill level 10 in Fighting
 16252 | Lair:1   | Gained mutation: Your mind is acute. (Int +4, Str/Dex -1)
                  | [potion of mutation]
 16262 | Lair:1   | Bought a pair of glowing gloves for 240 gold pieces
 16262 | Lair:1   | Bought a pair of glowing gloves for 240 gold pieces
 16679 | Orc:1    | Noticed an orc warlord
 16851 | Orc:1    | Killed an orc warlord
 16988 | Orc:1    | Noticed Sonja
 16996 | Orc:1    | Found a runed translucent gate.
 16996 | Orc:1    | Found a runed translucent gate.
 16996 | Orc:1    | Found a runed translucent gate.
 16999 | Orc:1    | Killed Sonja
 17158 | Orc:1    | Noticed Drazool's ghost (journeyman MDFE)
 17416 | Orc:1    | Killed Drazool's ghost
 17500 | Orc:2    | Entered Level 2 of the Orcish Mines
 17817 | Orc:2    | Paralysed by an orc sorcerer for 5 turns
 18469 | Orc:2    | Found a staircase to the Elven Halls.
 18482 | Orc:2    | Reached skill level 5 in Shields
 18540 | Orc:2    | Found Joreox's General Store.
 18541 | Orc:2    | Found Memin's Magic Scroll Shop.
 18543 | Orc:2    | Found Ituo's Weapon Boutique.
 18546 | Orc:2    | Found Woneqeoci's Assorted Antiques.
 18615 | Orc:2    | Reached XP level 15. HP: 81/81 MP: 23/25
 18808 | Orc:2    | Bought a scroll of teleportation for 48 gold pieces
 18808 | Orc:2    | Bought a scroll of teleportation for 48 gold pieces
 18808 | Orc:2    | Bought a scroll of enchant armour for 120 gold pieces
 18810 | Orc:2    | Bought a shiny helmet for 195 gold pieces
 18810 | Orc:2    | Bought 2 blue potions for 46 gold pieces
 18810 | Orc:2    | Bought 2 potions of mutation for 416 gold pieces
 19119 | Orc:2    | Found Qoihonn's Magic Scroll Shop.
 19156 | Orc:2    | Bought a scroll of identify for 32 gold pieces
 19156 | Orc:2    | Bought a scroll of identify for 32 gold pieces
 19156 | Orc:2    | Bought a scroll of identify for 32 gold pieces
 19336 | Swamp:1  | Entered Level 1 of the Swamp
 20007 | Swamp:1  | Learned a level 6 spell: Dispersal
 20167 | Spider:1 | Reached skill level 17 in Stealth
 21810 | Elf:1    | Entered Level 1 of the Elven Halls
 21850 | Elf:1    | Found a radiant altar of Vehumet.
 22085 | Elf:1    | Found a runed translucent gate.
 22093 | Elf:1    | Found a runed translucent gate.
 22094 | Elf:1    | Found a runed translucent gate.
 22094 | Elf:1    | Noticed Couxach's ghost (adept DjFE)
 22098 | Elf:1    | Identified the ring "Meess" {Fly rN+ Str+6 Int-3}
 22500 | Elf:1    | Got Ufoag's Teachings on the Mob
 22830 | Elf:1    | Reached XP level 16. HP: 87/87 MP: 24/27
 23007 | Lair:1   | Bought a scroll of teleportation for 63 gold pieces
 23007 | Lair:1   | Bought a scroll of enchant armour for 157 gold pieces
 23007 | Lair:1   | Bought a scroll of enchant armour for 157 gold pieces
 23026 | Lair:1   | Lost mutation: Your mind is acute. (Int +4, Str/Dex -1)
                  | [potion of mutation]
 23026 | Lair:1   | Gained mutation: You are strong-willed. (Will+) [potion of
                  | mutation]
 23026 | Lair:1   | Gained mutation: You are frail. (-10% HP) [potion of
                  | mutation]
 23026 | Lair:1   | Gained mutation: You have hidden genetic potential. [potion
                  | of mutation]
 23513 | Spider:2 | Identified the +7 shortbow of Timnunis {heavy, Will- Str+4}
 23535 | Spider:2 | HP: 2/73 [pharaoh ant (7)]
 23907 | Spider:2 | Noticed Nikola
 23927 | Spider:2 | Killed Nikola
 24196 | Spider:2 | Identified the serpent talisman "Mobu" {Str+2}
 24196 | Spider:2 | Noticed Aizul
 24211 | Spider:2 | Killed Aizul
 24715 | Swamp:2  | Found a transporter.
 24954 | Swamp:2  | Identified the +2 dagger "Boxuli" {flame, +Blink rN+ rCorr
                  | Str+2}
 24990 | Swamp:2  | Found a transporter.
 26553 | Spider:3 | Reached skill level 18 in Stealth
 26582 | Spider:3 | Reached XP level 17. HP: 63/82 MP: 0/30
 27272 | Elf:1    | Gained mutation: Your spells are a little harder to cast,
                  | but a little more powerful. [hidden potential]
 27312 | Elf:1    | Got the Guidebook on Forces
 27579 | Elf:2    | Found a runed translucent gate.
 27579 | Elf:2    | Found a runed translucent gate.
 27579 | Elf:2    | Found a runed translucent gate.
 27698 | Elf:2    | Found Eshrol's Assorted Antiques.
 27732 | Elf:2    | Bought a scroll of fear for 108 gold pieces
 27732 | Elf:2    | Bought 2 potions of might for 216 gold pieces
 27873 | Elf:2    | Found a magical portal.
 27881 | WizLab   | Entered Wucad Mu's Monastery
 28135 | Elf:2    | Got the Encyclopedia of Get Rich Quick!
 28313 | Elf:2    | Found Teshro Luru's Jewellery Emporium.
 28320 | Elf:2    | Bought the ring "Giekk" {rN++ rCorr Str+2 Dex-2} for 450
                  | gold pieces
 29343 | Spider:4 | Entered Level 4 of the Spider Nest
 29574 | Spider:4 | Noticed Arachne
 29719 | Spider:4 | HP: 2/83 [emperor scorpion (9)]
 29725 | Spider:4 | HP: 3/83 [wolf spider (2)]
 30113 | Spider:4 | Killed Arachne
 31184 | Spider:4 | Identified the +0 pair of boots "Epomax" {-Cast rN+ Will++
                  | rCorr}
 31218 | Spider:4 | Got a gossamer rune of Zot
 32449 | D:5      | Killed Dowan
 32685 | Lair:3   | Killed Uleac's ghost
 33300 | Swamp:3  | Reached XP level 18. HP: 88/88 MP: 30/32
 33427 | Swamp:3  | Noticed Mlioglotl
 33431 | Swamp:3  | Killed Mlioglotl
 33435 | Swamp:3  | Gained mutation: You expend magic power (3 MP) to
                  | strengthen your wands. [hidden potential]
 33435 | Swamp:3  | Lost mutation: You have hidden genetic potential. [hidden
                  | potential expressed]
 33675 | Swamp:4  | Entered Level 4 of the Swamp
 34876 | Swamp:4  | Got a decaying rune of Zot
 35050 | Lair:1   | Lost mutation: Your spells are a little harder to cast, but
                  | a little more powerful. [potion of mutation]
 35050 | Lair:1   | Lost mutation: You expend magic power (3 MP) to strengthen
                  | your wands. [potion of mutation]
 35050 | Lair:1   | Lost mutation: You are strong-willed. (Will+) [potion of
                  | mutation]
 35050 | Lair:1   | Gained mutation: You are strong-willed. (Will+) [potion of
                  | mutation]
 35050 | Lair:1   | Gained mutation: You have a pair of small antennae on your
                  | head. [potion of mutation]
 35052 | Lair:1   | Lost mutation: You are strong-willed. (Will+) [potion of
                  | mutation]
 35052 | Lair:1   | Lost mutation: You are frail. (-10% HP) [potion of
                  | mutation]
 35052 | Lair:1   | Gained mutation: Armour fits poorly on your strangely
                  | shaped body. [potion of mutation]
 35052 | Lair:1   | Gained mutation: You are frail. (-10% HP) [potion of
                  | mutation]
 35052 | Lair:1   | Lost mutation: Armour fits poorly on your strangely shaped
                  | body. [potion of mutation]
 35052 | Lair:1   | Gained mutation: You passively map a small area around you.
                  | [potion of mutation]
 35053 | Lair:1   | Lost mutation: You are frail. (-10% HP) [potion of
                  | mutation]
 35053 | Lair:1   | Lost mutation: You passively map a small area around you.
                  | [potion of mutation]
 35053 | Lair:1   | Gained mutation: Your flesh is cold resistant. (rC+)
                  | [potion of mutation]
 35054 | Lair:1   | Lost mutation: Your flesh is cold resistant. (rC+) [potion
                  | of mutation]
 35054 | Lair:1   | Lost mutation: You have a pair of small antennae on your
                  | head. [potion of mutation]
 35054 | Lair:1   | Gained mutation: You are dopey. (Int -2) [potion of
                  | mutation]
 35054 | Lair:1   | Gained mutation: You are partially covered in large bone
                  | plates. (SH +4) [potion of mutation]
 35054 | Lair:1   | Gained mutation: You possess an exceptional clarity of
                  | mind. [potion of mutation]
 35406 | D:12     | Noticed Snorg
 35420 | D:12     | Killed Snorg
 35553 | D:12     | Reached skill level 19 in Stealth
 36856 | Elf:2    | Mangled by a +0 vampiric bardiche

Illustrated notes

Levels and vault maps discovered:
D:1:      co_arrival_random_square_maze, layout_loops_cross, serial_shops,
          shop_statue
D:2:      minmay_angry_zag, layout_basic
D:3:      layout_basic, kennysheep_doodads, guppyfry_early_orc_mine
D:4:      minmay_skewed_foursquare, layout_gridville, uniq_menkaure,
          uniq_grinder
D:5:      cheibrodos_quashed, layout_basic, mainiacjoe_overflow_divided_tiny,
          minmay_temple_entry_junction_2, st_stairs_3, uniq_edmund,
          uniq_eustachio, uniq_duvessa
D:6:      layout_rooms, serial_shops, shop
D:7:      layout_loops_ring, slow_altar_1, serial_shops, shop,
          nicolae_water_bricks, serial_bayou_lagoon_a, uniq_crazy_yiuf_cottage
D:8:      layout_basic, uniq_prince_ribbit1
D:9:      minmay_bloctagon_deflated, layout_irregular_city,
          mainiacjoe_overflow_alcove_1, orc_0_dummy, serial_shops, shop,
          uniq_joseph, uniq_gastronok
D:10:     layout_cave_pods, serial_shops, nicolae_shop_stone,
          nrook_mini_backslash, uniq_harold
D:11:     layout_small_grid, due_lair_maze_entry_diamond,
          portal_ice_cave_entry_pillars_1, roderic_serpentine_path
D:12:     nicolae_moon_pools, layout_stronghold, minmay_tree_intersection,
          uniq_snorg
Temple:   mainiacjoe_temple_bowtie_tessellation
Lair:1:   layout_cave_pods
Lair:2:   layout_regular_city, minmay_swamp_entry_worms,
          hellmonk_spider_entry_not_the_bees
Lair:3:   layout_long_grid, ebering_ghost_xom, serial_bayou_lagoon_b
Lair:4:   layout_small_grid, minmay_slime_entry_jelly_boxes, grunt_megastairs_3
Lair:5:   evilmike_catoblepas_cave, layout_layer_cave, kennysheep_rathole,
          lemuel_fruit_fields, serial_bayou_shore_a
Swamp:1:  layout_falls_marsh, nicolae_swamp_trees_clearing, swamp_pool_4
Swamp:2:  gammafunk_worm_tunnel, layout_basic_swamp, serial_swamp_ruin,
          evilmike_swamp_ruin_house_2, evilmike_swamp_ruin_house_6,
          nicolae_swamp_decorative_isthmus
Swamp:3:  layout_basic_swamp, evilmike_swamp_ruin_house_1, swamp_pool_4,
          infiniplex_staircase_pool_2, uniq_mlioglotl
Swamp:4:  swamp_icy, layout_basic_swamp
Spider:1: layout_chambers, hangedman_spider_tarantella_strand
Spider:2: layout_cave_pods, uniq_aizul, uniq_nikola
Spider:3: layout_spider_delve, nicolae_spider_webbed_stairs
Spider:4: grunt_spider_rune_circles, uniq_arachne
Orc:1:    layout_caves, gammafunk_ghost_necromancy, uniq_sonja
Orc:2:    st_orc_mages, layout_caves, serial_shops, nicolae_shop_trees
Elf:1:    eino_elf_arrival_altar, layout_gridlike, gammafunk_ghost_split,
          minmay_elf_demonology, minmay_elf_annihilation
Elf:2:    nicolae_elf_blades_splatter_lattice [nicolae_blade_entry_antechamber],
          layout_loops_corners,
          portal_desolation_entry_nicolae_menacing_earthworks,
          mu_enter_wizlab_3, serial_shops, shop, shop, hellmonk_elf_help

Skill      XL: |  1  2  3  4  5  6  7  8  9 10 11 12 13 14 15 16 17 18 |
---------------+-------------------------------------------------------+-----
Short Blades   | 2 3 4 5 6 7 8 9 10 11 12 13 | 13.5
Evocations     | 1 2 3 4 6 7 8 |  8.6
Stealth        | 7 8 10 11 12 14 15 16 17 18 19 | 19.0
Fighting       | 4 6 7 8 9 10 11 12 | 12.6
Dodging        | 3 4 5 6 7 8 9 |  9.0
Translocations | 2 3 |  3.5
Armour         | 3 4 5 6 7 8 9 |  9.3
Hexes          | 3 4 5 7 8 9 |  9.7
Shields        | 2 3 5 6 |  6.5
Spellcasting   | 2 4 6 7 8 9 |  9.8
Ice Magic      | 3 |  3.0

Action                     |  1- 3 |  4- 6 |  7- 9 | 10-12 | 13-15 | 16-18 || total
---------------------------+-------+-------+-------+-------+-------+-------++-------
  Melee: Short sword       |    63 |   144 |   195 |       |       |       ||   402
         Bite              |    18 |    37 |   107 |   157 |   504 |   555 ||  1378
         Rapier            |       |       |   131 |   428 |  1297 |  1403 ||  3259
  Throw: Dart              |       |       |       |       |       |     5 ||     5
   Cast: Cause Fear        |       |       |       |       |       |     1 ||     1
         Ozocubu's Armour  |       |       |       |       |       |     2 ||     2
 Invoke: Potion Petition   |       |       |       |     1 |     1 |     4 ||     6
         Call Merchant     |       |       |       |     1 |     1 |     2 ||     4
  Evoke: Wand              |       |     3 |    14 |     8 |    15 |    20 ||    60
    Use: Scroll            |       |       |    13 |    12 |    16 |    24 ||    65
         Potion            |       |       |     4 |       |     3 |    19 ||    26
   Stab: Sleeping          |     9 |    18 |    21 |    31 |    59 |    61 ||   199
         Invisible         |       |       |       |     3 |     8 |    18 ||    29
         Distracted        |       |       |       |     4 |    24 |    12 ||    40
         Paralysed         |       |       |       |     1 |       |     4 ||     5
 Armour: Leather armour    |    24 |    61 |   190 |   259 |   606 |   950 ||  2090
         Skin              |       |       |     2 |       |       |     7 ||     9
  Dodge: Dodged            |    22 |    55 |   148 |   393 |   607 |   703 ||  1928
  Block: Buckler           |       |       |       |    28 |   316 |   465 ||   809

Table legend: (Time is in decaauts)
 A = Elapsed time spent in this place.
 B = Non-inter-level travel time spent in this place.
 C = Inter-level travel time spent in this place.
 D = Time resting spent in this place.
 E = Time spent auto-exploring this place.
 F = Levels seen in this place.
 G = Mean time per level.
                   A        B        C        D        E       F      G
               +--------+--------+--------+--------+--------+-----+--------+
         Total |  36096 |  31009 |   5087 |    547 |  23405 |  31 | 1164.4 |
       Dungeon |  12094 |  10288 |   1806 |    121 |   7928 |  12 | 1007.8 |
        Temple |     36 |      2 |     34 |      0 |      0 |   1 |   36.0 |
          Lair |   7099 |   5712 |   1387 |      0 |   4209 |   5 | 1419.8 |
         Swamp |   4064 |   3720 |    344 |     42 |   2754 |   4 | 1016.0 |
   Spider Nest |   6741 |   5721 |   1020 |    364 |   4220 |   4 | 1685.2 |
  Orcish Mines |   2783 |   2452 |    331 |     16 |   1775 |   2 | 1391.5 |
   Elven Halls |   3211 |   3046 |    165 |      2 |   2483 |   2 | 1605.5 |
        Wizlab |     66 |     66 |      0 |      1 |     35 |   1 |   66.0 |
               +--------+--------+--------+--------+--------+-----+--------+

Top non-repeatable levels by time:
Spider:3: 1981 daAuts
  Lair:1: 1978 daAuts
Spider:1: 1790 daAuts
   Elf:2: 1714 daAuts
     D:5: 1655 daAuts
Spider:2: 1576 daAuts
   Orc:2: 1523 daAuts
  Lair:5: 1521 daAuts
   Elf:1: 1496 daAuts
  Lair:2: 1460 daAuts
Spider:4: 1393 daAuts
    D:11: 1296 daAuts
   Orc:1: 1260 daAuts
 Swamp:4: 1251 daAuts
  Lair:3: 1249 daAuts
